 Dungeon Crawl Stone Soup version 0.21-a0-221-gfe971b9 (webtiles) character file.

7076 motkurip the Cleaver (level 10, -6/94 HPs)
             Began as a Minotaur Gladiator on Aug 26, 2017.
             Was a Priest of Makhleb.
             Mangled by Snorg (12 damage)
             ... on level 10 of the Dungeon.
             The game lasted 00:12:16 (6906 turns).

motkurip the Cleaver (Minotaur Gladiator)           Turns: 6906, Time: 00:12:17

Health: -6/94      AC: 18    Str: 24 (27) XL:     10   Next: 84%
Magic:  9/9        EV: 17    Int:  3 (5)  God:    Makhleb [***...]
Gold:   544        SH:  0    Dex: 16 (17) Spells: 9/9 levels left

rFire    x . .     SeeInvis .   a - +0 war axe
rCold    + + .     Gourm    .   (no shield)
rNeg     . . .     Faith    .   b - +0 ice dragon scales
rPois    +         Spirit   .   c - +0 hat
rElec    .         Reflect  .   K - +0 cloak
rCorr    .         Harm     .   n - +2 pair of gloves
MR       +....                  (no boots)
Stlth    +.........             (no amulet)
HPRegen  0.25/turn              z - ring of protection from magic
MPRegen  0.11/turn              A - ring of poison resistance

@: mighty, agile
A: retaliatory headbutt, horns 2
a: Minor Destruction, Lesser Servant of Makhleb, Renounce Religion


You were on level 10 of the Dungeon.
You worshipped Makhleb.
Makhleb was most pleased with you.
You were not hungry.

You visited 2 branches of the dungeon, and saw 11 of its levels.
You also visited: Sewer.

You collected 544 gold pieces.

Inventory:

Hand Weapons
 a - a +0 war axe (weapon)
 t - a +2 hand axe of venom
 I - a +0 flail
Missiles
 d - 3 throwing nets (quivered)
Armour
 b - +0 ice dragon scales (worn)
 c - a +0 hat (worn)
 n - a +2 pair of gloves (worn)
 y - a +0 troll leather armour {Purgy}
 K - a +0 cloak (worn)
 L - a +1 shield of protection
Jewellery
 z - a ring of protection from magic (left hand)
 A - a ring of poison resistance (right hand)
 H - a +3 ring of dexterity {unknown}
Wands
 i - a wand of random effects (20/48)
 l - a wand of acid (7/15)
 M - a wand of flame (9/48)
 P - a wand of iceblast (7/15)
 R - a wand of paralysis (10/24)
Scrolls
 e - 4 scrolls of teleportation {unknown}
 h - 3 scrolls of identify
 q - 2 scrolls of blinking
 v - 2 scrolls of remove curse
 x - 2 scrolls of amnesia
 B - a scroll of fear
 E - a scroll of fog {unknown}
 F - a scroll of recharging {unknown}
 G - a scroll of enchant weapon {unknown}
 Q - a scroll of immolation {unknown}
Potions
 g - 2 potions of brilliance
 j - a potion of curing
 k - a potion of invisibility {unknown}
 o - a potion of lignification {unknown}
 p - 4 potions of might
 r - 2 potions of mutation {unknown}
 s - 2 potions of degeneration
 u - 2 potions of flight {unknown}
 w - a potion of cancellation {unknown}
 D - 4 potions of heal wounds {unknown}
 N - a potion of magic {unknown}
Books
 C - a book of Minor Magic

   Spells                             Type                      Level
   a - Magic Dart                     Conjuration                  1
   b - Blink                          Translocation                2
   c - Call Imp                       Summoning                    2
   d - Slow                           Hexes                        2
   e - Conjure Flame                  Conjuration/Fire             3
   f - Mephitic Cloud                 Conjuration/Poison/Air       3
 J - a book of Power

   Spells                             Type                      Level
   a - Iskenderun's Battlesphere      Conjuration/Charms           5
   b - Venom Bolt                     Conjuration/Poison           5
   c - Bolt of Magma                  Conjuration/Fire/Earth       5
   d - Iron Shot                      Conjuration/Earth            6
   e - Orb of Destruction             Conjuration                  7
   f - Spellforged Servitor           Conjuration/Summoning        7
Comestibles
 f - 5 bread rations
 m - 2 royal jellies
 O - a meat ration


   Skills:
 + Level 10.5 Fighting
 - Level 12.4 Axes
 - Level 2.0 Throwing
 - Level 10.1 Armour
 - Level 3.2 Dodging
 * Level 6.2 Shields


You had 9 spell levels left.
You didn't know any spells.

Dungeon Overview and Level Annotations

Branches:
Dungeon (10/15)            Temple (1/1) D:7            Lair (0/6) D:10
    Orc: D:9-12

Altars:
Ashenzari
Cheibriados
Dithmenos
Elyvilon
Fedhas
Gozag
Hepliaklqana
Kikubaaqudgha
Makhleb
Okawaru
Qazlal
Sif Muna
Trog
Uskayaw
Vehumet
Wu Jian
Xom
Yredelemnul
Zin
The Shining One

Annotations:
D:5 exclusion: statue
D:10 Snorg


Innate Abilities, Weirdness & Mutations

You reflexively headbutt those who attack you in melee.
You have a pair of horns on your head.


Message History

Snorg claws you!
* * * LOW HITPOINT WARNING * * *
The soldier ant stings you but does no damage.
Unknown command.
You slash Snorg! You headbutt Snorg!
Snorg is almost dead.
You closely miss the soldier ant. Snorg barely misses you.
You furiously retaliate!
You headbutt Snorg! Snorg claws you but does no damage.
Snorg completely misses you. The soldier ant closely misses you.
Snorg barely misses you. Snorg closely misses you.
Snorg claws you but does no damage.
You barely miss Snorg.
Snorg is almost dead.
You hit the soldier ant. Snorg completely misses you. Snorg closely misses you.
Snorg claws you but does no damage. The soldier ant misses you.
Unknown command.
You barely miss Snorg. You headbutt Snorg!
Snorg is almost dead.
You hit the soldier ant. Snorg bites you!
You die...

#.... ..... ......
#..... ....## ......
##..... .....#.......
###.....###.............
.........#..............
........................
.......)..†.........#...
.......T.....>.....###..
......a@............#...
.........$..............
(........#........|.....
###.....###...........).
##.....#......#.......
#..........(###......
...P.........#.......
......................
..................##


You could see Snorg (berserk) and a soldier ant.

Vanquished Creatures
  The ghost of pedritolo the Cleaver, a journeyman DDCK of Xom (D:9)
  A two-headed ogre (D:8)
  Prince Ribbit (D:6)
  A wyvern (D:10)
  5 yaks (D:9)
  A basilisk (D:10)
  2 hungry ghosts
  A water moccasin (D:6)
  2 porcupines (D:10)
  2 orc warriors
  Purgy (D:3)
  2 black bears (D:10)
  An ice beast (D:6)
  2 ogres
  A necrophage (D:9)
  2 centaurs (D:9)
  3 crocodiles (D:10)
  2 wolves (D:10)
  5 bullfrogs
  8 big kobolds
  3 scorpions
  A water moccasin zombie (D:8)
  5 killer bees (D:9)
  3 howler monkeys (D:8)
  A crimson imp (D:6)
  A bullfrog skeleton (D:5)
  2 hounds
  A gnoll shaman (D:8)
  5 jellies
  An orc priest (D:8)
  An iguana (D:7)
  9 orc wizards
  3 worker ants
  A hound zombie (D:5)
  2 howler monkey zombies (D:7)
  Robin (D:2)
  11 gnolls
  15 adders
  A howler monkey skeleton (D:5)
  5 river rats
  A shadow imp (D:5)
  3 oozes
  An adder skeleton (D:5)
  4 worms
  A dart slug (D:1)
  4 leopard geckos
  20 orcs
  9 giant cockroaches
  16 goblins
  9 hobgoblins
  10 jackals
  2 quokkas
  3 ball pythons (Sewer)
  12 bats
  12 frilled lizards
  A giant cockroach zombie (D:5)
  29 kobolds
  9 rats
  3 plants (D:9)
265 creatures vanquished.

Notes
Turn   | Place    | Note
-------+----------+-------------------------------------------
     0 | D:1      | motkurip the Minotaur Gladiator began the quest for the Orb.
     0 | D:1      | Reached XP level 1. HP: 18/18 MP: 0/0
    85 | D:1      | Reached skill level 4 in Axes
   105 | D:1      | Reached XP level 2. HP: 24/25 MP: 1/1
   703 | D:2      | Reached XP level 3. HP: 31/31 MP: 2/2
   820 | D:2      | Reached skill level 5 in Axes
   943 | D:2      | Reached skill level 1 in Armour
   943 | D:2      | Reached XP level 4. HP: 32/38 MP: 3/3
   949 | D:2      | Noticed Robin
   977 | D:2      | Killed Robin
  1693 | D:3      | Noticed Purgy
  1697 | D:3      | Killed Purgy
  1697 | D:3      | Reached skill level 6 in Axes
  1697 | D:3      | Reached XP level 5. HP: 42/47 MP: 4/4
  1868 | D:3      | Found a faded altar of an unknown god.
  2304 | D:4      | Found a stormy altar of Qazlal.
  2321 | D:4      | Found a shadowy altar of Dithmenos.
  2391 | D:4      | Found a blossoming altar of Fedhas.
  2396 | D:4      | Reached XP level 6. HP: 48/53 MP: 5/5
  2617 | D:5      | Entered Level 5 of the Dungeon
  2939 | D:5      | Reached skill level 5 in Fighting
  2939 | D:5      | Reached skill level 7 in Axes
  2985 | D:5      | Found a radiant altar of Vehumet.
  3040 | D:6      | Noticed a water moccasin
  3045 | D:6      | Killed a water moccasin
  3045 | D:6      | Reached XP level 7. HP: 61/61 MP: 6/6
  3128 | D:6      | Found a glowing drain.
  3129 | D:6      | Noticed Prince Ribbit
  3227 | D:6      | Killed Prince Ribbit
  3227 | D:6      | Reached skill level 8 in Axes
  3242 | Sewer    | Entered a sewer
  3450 | Sewer    | Reached XP level 8. HP: 70/70 MP: 7/7
  3523 | Sewer    | Reached skill level 9 in Axes
  3523 | Sewer    | Reached skill level 5 in Armour
  3963 | D:6      | Reached skill level 10 in Axes
  4177 | D:6      | Found a bloodstained altar of Trog.
  4597 | D:7      | Found a staircase to the Ecumenical Temple.
  4721 | Temple   | Entered the Ecumenical Temple
  4780 | Temple   | Became a worshipper of Makhleb the Destroyer
  4848 | D:8      | Noticed a two-headed ogre
  4858 | D:8      | Reached XP level 9. HP: 61/79 MP: 8/8
  4866 | D:8      | Killed a two-headed ogre
  4866 | D:8      | Reached skill level 11 in Axes
  5259 | D:8      | Found a hazy altar of Hepliaklqana.
  5591 | D:8      | Found a white marble altar of Elyvilon.
  5948 | D:9      | Noticed pedritolo's ghost (journeyman DDCK)
  5950 | D:9      | Reached * piety under Makhleb
  6043 | D:9      | Reached ** piety under Makhleb
  6095 | D:9      | Killed pedritolo's ghost
  6095 | D:9      | Reached skill level 12 in Axes
  6095 | D:9      | Reached XP level 10. HP: 91/91 MP: 9/9
  6194 | D:9      | Reached skill level 10 in Armour
  6267 | D:9      | Reached skill level 1 in Shields
  6273 | D:9      | Found an iron altar of Okawaru.
  6733 | D:10     | Entered Level 10 of the Dungeon
  6796 | D:10     | Reached skill level 10 in Fighting
  6838 | D:10     | Reached *** piety under Makhleb
  6838 | D:10     | Reached skill level 5 in Shields
  6868 | D:10     | Found a staircase to the Lair.
  6882 | D:10     | Noticed Snorg
  6906 | D:10     | Mangled by Snorg

Vault maps used:
D:1:      ncdulo_halloftheorcs
D:2:      minivault_25, minmay_lizard_king, uniq_robin
D:3:      chequers_ecumenical_altar_twisty, uniq_purgy
D:4:      fedhas_altar_3, grunt_temple_overflow_open, first_bread,
          serial_bayou_lake_a
D:5:      vehumet_statue
D:6:      kennysheep_mini, portal_sewer_entry_a, uniq_prince_ribbit1
D:7:      temple_statues
D:8:      nicolae_overflow_crystal_walls, kennysheep_little_box
D:9:      kennysheep_kobold_camp, kennysheep_okawaru_gauntlet
D:10:     minmay_lair_entry_grove, uniq_urug, uniq_snorg
Temple:   eino_narrow_crystal_temple
Sewer:    sewer_co_tree

Skill      XL: |  1  2  3  4  5  6  7  8  9 10 |
---------------+-------------------------------+-----
Axes           | 4 5 6 7 8 10 12 | 12.4
Fighting       | 3 4 5 6 7 9 10 | 10.5
Armour         | 1 2 3 4 6 9 10 | 10.1
Shields        | 6 |  6.2
Throwing       | |  2.0
Dodging        | |  3.2

Action                   |  1- 3 |  4- 6 |  7- 9 | 10-12 || total
-------------------------+-------+-------+-------+-------++-------
Melee: War axe           |    87 |   115 |   304 |   109 ||   615
       Headbutt          |    10 |    21 |    77 |    25 ||   133
       Hand axe          |       |       |    49 |       ||    49
  Use: Potion            |       |     2 |     1 |     4 ||     7
       Scroll            |       |     5 |       |       ||     5
 Stab: Sleeping          |       |     1 |       |       ||     1
  Eat: Chunk             |       |     7 |     6 |     4 ||    17
       Meat ration       |       |       |     1 |       ||     1
       Royal jelly       |       |       |       |     1 ||     1
Armor: Leather armour    |     4 |       |       |       ||     4
       Ring mail         |    29 |    16 |       |       ||    45
       Animal skin       |       |    11 |       |       ||    11
       Troll leather arm |       |    17 |    59 |       ||    76
       Ice dragon scales |       |       |    64 |   115 ||   179
Dodge: Dodged            |    55 |    88 |   186 |   147 ||   476

Table legend:
 A = Spawn XP
 B = Non-spawn XP
 C = Spawn XP percentage of total XP
 D = Spawn monster count
 E = Non-spawn monster count
 F = Spawn count percentage of total count
 G = Total turns spent on level
                    A         B        C        D         E        F      G
               +---------+---------+-------+---------+---------+-------+---------
         Total |     561 |    9548 |   5.5 |      26 |     236 |   9.9 |  6906
               +---------+---------+-------+---------+---------+-------+---------
           D:1 |       8 |      30 |  21.1 |       5 |      15 |  25.0 |   697
           D:2 |       2 |     118 |   1.7 |       1 |      46 |   2.1 |   747
           D:3 |      15 |     176 |   7.9 |       2 |      14 |  12.5 |   534
           D:4 |      13 |      48 |  21.3 |       1 |       5 |  16.7 |   639
           D:5 |       5 |     206 |   2.4 |       1 |      12 |   7.7 |   481
           D:6 |      54 |     859 |   5.9 |       5 |      14 |  26.3 |   731
           D:7 |       0 |     299 |   0.0 |       0 |      11 |   0.0 |   412
           D:8 |     290 |    1532 |  15.9 |       9 |      13 |  40.9 |  1070
           D:9 |      84 |    3547 |   2.3 |       1 |      55 |   1.8 |   835
          D:10 |      90 |    1940 |   4.4 |       1 |      23 |   4.2 |   173
         Sewer |       0 |     793 |   0.0 |       0 |      28 |   0.0 |   512
               +---------+---------+-------+---------+---------+-------+---------
